 Dungeon Crawl Stone Soup version 0.31-a0-1072-g202bf7e (webtiles) character file.

Game seed: 11427726030265323346

2750463 DevouringOne the Intangible (level 27, 323/323 HPs)
             Began as a Merfolk Fighter on Nov 25, 2023.
             Was an Initiate of Gozag.
             Escaped with the Orb
             ... and 4 runes on Nov 26, 2023!
             The game lasted 01:29:56 (53215 turns).

DevouringOne the Intangible (Merfolk Fighter)      Turns: 53215, Time: 01:29:57

Health: 323/323    AC: 44    Str: 30    XL:     27
Magic:  23/23      EV: 30    Int:  8    God:    Gozag
Gold:   1192       SH: 10    Dex: 18    Spells: 26/26 levels left

rFire   + .          .
                       - Unarmed
rCold   + + .        c - +3 buckler
rNeg    + + +        i - melded +3 ring mail {rPois}
rPois   ∞            j - +2 helmet
rElec   +            h - +2 cloak
rCorr   +            (gloves currently unavailable)
SInv    +            (boots currently unavailable)
Will    ++...        D - amulet of Lockatt {rN+ Regen+ Str+2 Dex+2}
Stlth   +            m - ring "Sick" {rF+ rC+ rN+}
HPRegen 1.53/turn    A - ring "Roodurr" {rC+ rCorr Dex+3 SInv Stlth-}
MPRegen 0.18/turn

%: clarity
@: statue-form, studying Transmutations, very slow
A: slow and powerful, torment resistance 1, boosted hp, (nimble swimmer 2),
mertail, (iridescent scales 1), clarity, clumsy 1
0: Orb of Zot
}: 4/15 runes: barnacled, silver, abyssal, gossamer
a: Begin Untransformation, Renounce Religion, Potion Petition, Call Merchant,
Bribe Branch


You escaped.
You worshipped Gozag.
Gozag was most pleased with you.
You were a living statue of rough stone.
You visited 9 branches of the dungeon, and saw 47 of its levels.
You visited the Abyss 2 times.
You visited 1 ziggurat, and saw 7 of its levels.

You collected 29788 gold pieces.
You spent 7183 gold pieces at shops.
You paid 21413 gold pieces to Gozag.

Inventory:

Missiles
 b - 60 poisoned darts
 v - 4 throwing nets
Armour
 c - a +3 buckler (worn)
 h - a +2 cloak (worn)
 i - a +3 ring mail of poison resistance (melded)
 j - a +2 helmet (worn)
Jewellery
 m - the ring "Sick" (left fist) {rF+ rC+ rN+}
   (You found it on level 6 of the Dungeon)

   [ring of protection from fire]

   rF+:       It protects you from fire.
   rC+:       It protects you from cold.
   rN+:       It protects you from negative energy.
 u - the ring of Modesty {rF+ Will+ Slay+3}
   (You found it on level 2 of the Vaults)

   [ring of willpower]

   Slay+3:    It affects your accuracy & damage with ranged weapons and melee
   (+3).
   rF+:       It protects you from fire.
   Will+:     It increases your willpower.
 A - the ring "Roodurr" (right fist) {rC+ rCorr Dex+3 SInv Stlth-}
   (You bought it in a shop on level 4 of the Vaults)

   [ring of resist corrosion]

   Dex+3:     It affects your dexterity (+3).
   rC+:       It protects you from cold.
   SInv:      It lets you see invisible.
   rCorr:     It protects you from acid and corrosion.
   Stlth-:    It makes you less stealthy.
 D - the amulet of Lockatt (around neck) {rN+ Regen+ Str+2 Dex+2}
   (You bought it in a shop on level 5 of the Lair of Beasts)

   [amulet of regeneration]

   Str+2:     It affects your strength (+2).
   Dex+2:     It affects your dexterity (+2).
   rN+:       It protects you from negative energy.
   Regen+:    It increases your rate of health regeneration.
 T - the amulet of Damuwniquu {Reflect rC+ Str-5 SH+5 SInv}
   (You found it on level 3 of the Elven Halls)

   [amulet of reflection]

   Reflect:   It reflects blocked missile attacks.
   Str-5:     It affects your strength (-5).
   rC+:       It protects you from cold.
   SInv:      It lets you see invisible.
   SH+5:      It affects your SH (+5).
Talismans
 r - a dragon-blood talisman
 E - a granite talisman (active)
Wands
 l - a wand of polymorph (12)
 O - a wand of roots (39)
 R - a wand of paralysis (27)
 S - a wand of digging (15)
 U - a wand of light (25)
 W - a wand of mindburst (30)
Scrolls
 a - a scroll of butterflies
 e - 14 scrolls of amnesia
 g - 21 scrolls of teleportation
 k - 4 scrolls of torment
 q - 10 scrolls of vulnerability
 F - 5 scrolls of enchant weapon
 G - 2 scrolls of blinking
 L - 4 scrolls of fear
 M - 7 scrolls of immolation
 N - a scroll of fog
 P - 6 scrolls of noise
 Q - a scroll of silence
 V - 8 scrolls of poison
Potions
 d - 4 potions of might
 f - 12 potions of curing
 p - 8 potions of enlightenment
 s - 15 potions of mutation
 t - 4 potions of haste
 w - 3 potions of attraction
 x - 6 potions of heal wounds
 z - 5 potions of resistance
 B - 5 potions of cancellation
 C - 4 potions of brilliance
 H - 6 potions of lignification
 I - 3 potions of magic
 J - 4 potions of berserk rage
 Y - 7 potions of invisibility
 Z - 5 potions of ambrosia
Miscellaneous
 n - a phantom mirror
 y - a phial of floods
 K - a tin of tremorstones (2/2)


   Skills:
 O Level 27 Fighting
 - Level 11.5 Polearms
 - Level 2.1 Armour
 O Level 27 Dodging
 + Level 9.7 Shields
 O Level 27 Unarmed Combat
 - Level 25.0 Shapeshifting


You had 26 spell levels left.
You didn't know any spells.
Your spell library contained the following spells:

 Spells                   Type           Power      Damage    Failure   Level
 Apportation              Tloc           0%         N/A       43%         1
 Kiss of Death            Conj/Necr      0%         2d5       43%         1
 Necrotise                Necr           0%         1d4       43%         1
 Sting                    Tmut/Pois      0%         1d3       43%         1
 Summon Small Mammal      Summ           0%         N/A       43%         1
 Blink                    Tloc           0%         N/A       58%         2
 Ensorcelled Hibernation  Hex/Ice        0%         N/A       58%         2
 Lesser Beckoning         Tloc           0%         N/A       58%         2
 Momentum Strike          Conj/Tloc      0%         3d8       58%         2
 Passwall                 Tmut/Erth      0%         N/A       58%         2
 Poisonous Vapours        Pois/Air       0%         N/A       58%         2
 Searing Ray              Conj           0%         2d4       58%         2
 Static Discharge         Conj/Air       0%         3-3/arc   58%         2
 Call Canine Familiar     Summ           0%         N/A       82%         3
 Confusing Touch          Hex            0%         N/A       82%         3
 Dazzling Flash           Conj/Hex       0%         N/A       82%         3
 Gell's Gravitas          Tloc           0%         N/A       82%         3
 Hailstorm                Conj/Ice       0%         3d3       82%         3
 Ignite Poison            Fire/Tmut/Pois 0%         N/A       82%         3
 Ozocubu's Armour         Ice            0%         N/A       82%         3
 Sigil of Binding         Hex            0%         N/A       82%         3
 Stone Arrow              Conj/Erth      0%         3d7       82%         3
 Summon Guardian Golem    Hex/Summ       0%         N/A       82%         3
 Swiftness                Air            0%         N/A       82%         3
 Teleport Other           Tloc           0%         N/A       82%         3
 Tukima's Dance           Hex            0%         N/A       82%         3
 Vampiric Draining        Necr           0%         2d6       82%         3
 Volatile Blastmotes      Fire/Tloc      0%         2d10      82%         3
 Airstrike                Air            0%         2d(0-16)  99%         4
 Anguish                  Hex/Necr       0%         N/A       99%         4
 Animate Armour           Summ/Erth      0%         N/A       99%         4
 Brom's Barrelling Bould  Conj/Erth      0%         2d3       99%         4
 Cause Fear               Hex            0%         N/A       99%         4
 Dimensional Bullseye     Hex/Tloc       0%         N/A       99%         4
 Leda's Liquefaction      Hex/Erth       0%         N/A       99%         4
 Manifold Assault         Tloc           0%         N/A       99%         4
 Olgreb's Toxic Radiance  Pois           0%         N/A       99%         4
 Passage of Golubria      Tloc           0%         N/A       99%         4
 Petrify                  Tmut/Erth      0%         N/A       99%         4
 Summon Ice Beast         Ice/Summ       0%         N/A       99%         4
 Summon Lightning Spire   Summ/Air       0%         N/A       99%         4
 Agony                    Necr           0%         N/A       100%        5
 Alistair's Intoxication  Tmut/Pois      0%         N/A       100%        5
 Arcjolt                  Conj/Air       0%         1d10      100%        5
 Borgnjor's Vile Clutch   Necr/Erth      0%         N/A       100%        5
 Fireball                 Conj/Fire      0%         3d3       100%        5
 Iskenderun's Battlesphe  Conj           0%         2d6       100%        5
 Lee's Rapid Deconstruct  Erth           0%         3d4*      100%        5
 Metabolic Englaciation   Hex/Ice        0%         N/A       100%        5
 Silence                  Hex/Air        0%         N/A       100%        5
 Summon Mana Viper        Hex/Summ       0%         N/A       100%        5
 Yara's Violent Unravell  Hex/Tmut       0%         3d3       100%        5
 Conjure Ball Lightning   Conj/Air       0%         3x3d6     100%        6
 Death Channel            Necr           0%         N/A       100%        6
 Dispersal                Tloc           0%         N/A       100%        6
 Eringya's Noxious Bog    Tmut/Pois      0%         4d6       100%        6
 Enfeeble                 Hex            0%         N/A       100%        7
 Monstrous Menagerie      Summ           0%         N/A       100%        7
 Orb of Destruction       Conj           0%         9d5       100%        7
 Ozocubu's Refrigeration  Ice            0%         4d7       100%        7
 Spellforged Servitor     Conj/Summ      0%         N/A       100%        7
 Discord                  Hex            0%         N/A       100%        8
 Disjunction              Tloc           0%         N/A       100%        8
 Ignition                 Fire           0%         3d3       100%        8
 Lehudib's Crystal Spear  Conj/Erth      0%         10d2      100%        8
 Summon Horrible Things   Summ           0%         N/A       100%        8
 Chain Lightning          Conj/Air       0%         N/A       100%        9
 Dragon's Call            Summ           0%         N/A       100%        9
 Fire Storm               Conj/Fire      0%         5d1       100%        9
 Polar Vortex             Ice            0%         N/A       100%        9
 Shatter                  Erth           0%         3d5*      100%        9
 Animate Dead             Necr           Unusable   N/A       N/A         4
 Simulacrum               Ice/Necr       Unusable   N/A       N/A         6

Dungeon Overview and Level Annotations

Branches:
Dungeon (15/15)            Temple (0/1) D:4            Lair (5/5) D:9
 Shoals (4/4) Lair:3       Spider (4/4) Lair:2        Slime (0/5) Lair:4
    Orc (2/2) D:9             Elf (3/3) Orc:2        Vaults (5/5) D:13
  Crypt (0/3) Vaults:2     Depths (4/4) D:15            Zot (5/5) Depths:4

Altars:
Fedhas
Gozag
Kikubaaqudgha
Makhleb
Nemelex Xobeh
Okawaru
Uskayaw
Yredelemnul
The Shining One
Jiyva
Lugonu

Shops:
D:2 [   D:7 !   D:9 :   D:10 !   Orc:1 *   Orc:2 =(*(   Elf:2 [   Elf:3 !?[
Lair:1 ?   Lair:3 *=   Lair:5 =   Shoals:4 *   Vaults:1 ?[   Vaults:3 **
Vaults:4 *[   Depths:1 =

Portals:
Hell: Depths:1 Depths:2 Depths:3
Abyss: Lair:5 Shoals:3 Depths:2 Depths:3
Pandemonium: Depths:2

Annotations:
D:5 1 runed translucent door, Crazy Yiuf
D:8 Joseph
D:14 1 runed translucent door, Wyaw's ghost, journeyman AtNe
Shoals:1 2 transporters, Olamiup's ghost, adept FoMo
Shoals:3 1 runed translucent door
Elf:2 4 runed translucent doors, Soggutosm's ghost, adept HOFi


Innate Abilities, Weirdness & Mutations

You are a living statue of rough stone.
Your actions are slow, but your melee attacks are powerful.
You are resistant to unholy torment.
Your maximum health is greatly increased.
Your equipment is partially melded.
You are immune to poison.
((You are very nimble when in or above water. (Stealth+, EV+, Speed+++)))
Your lower body shifts to a powerful aquatic tail in water.
((You are partially covered in iridescent scales. (AC +2)))
You possess an exceptional clarity of mind.
You are clumsy. (Dex -2)


Message History

What level of the Dungeon? (default 1, ? - help)
You now have 1192 gold pieces (gained 8).
Things that are here:
a +1 double sword; a +0 chain mail; a +2 kite shield of cold resistance
There is a stone staircase leading up here.
You climb upwards.
Level annotation: 1 runed translucent door, Crazy Yiuf
There is a stone staircase leading down here.
An ogre is nearby!
There is a stone staircase leading up here.
You climb upwards.
There is a stone staircase leading down here.
What level of the Dungeon? (default 1, ? - help)
There is a stone staircase leading up here.
You climb upwards.
There is a stone staircase leading down here.
There is a stone staircase leading up here.
You climb upwards.
There is a stone staircase leading down here.
There is a stone staircase leading up here.
You climb upwards.
There is a stone staircase leading down here.
Blink to where?
Press: ? - help, Q - select action, (/) - cycle Dir - move target
As you read the scroll of blinking, it crumbles to dust.
Blink to where?
Press: ? - help, Q - select action, (/) - cycle Dir - move target
As you read the scroll of blinking, it crumbles to dust.
Blink to where?
Press: ? - help, Q - select action, (/) - cycle Dir - move target
As you read the scroll of blinking, it crumbles to dust.
Aiming: Dig
Press: ? - help, Q - select action, (/) - cycle Shift-Dir - straight line You can't see that place. [the floor.]
The rock shatters into small pieces.
Blink to where?
Press: ? - help, Q - select action, (/) - cycle Dir - move target
As you read the scroll of blinking, it crumbles to dust.
You have escaped!

#...###.........#
#####...............#
##...................#
########.............######..
#.........####.......# #.#
#####.>....#### ##..##### #.#
#..........#
#♣#♣#...#########.#
..###......#
##.♣................
.#.≈..~≈...#
#P#8#P#.##########.#
.~.~~(.~~.~# ##P.P##.########
#.# ..~..≈~♣...#
#P♣.♣P#.#.[....# #.#
#.≈~†~♣~~..#
#♣...♣#.#......###.#
.##.†≈..~..#
#.....#............#
..~.~.♣.≈~.#
#.~8~.#.#.####.#####
##~≈~.~....# #.~~~.#.#.# #.#
##.~.~....#
#.~#~.#...####.#####
###~≈.~..~#
#+###'#.#.#.........


There were no monsters in sight!

Vanquished Creatures
  A dread lich (Vaults:5)
  An ancient lich (Vaults:5)
  Boris (twice) (Vaults:3 Vaults:5)
  Frederick (Vaults:3)
  8 caustic shrikes (Depths:2)
  A curse toe (Zot:4)
  6 golden dragons
  Jory (Vaults:2)
  A profane servitor (Abyss:2)
  Arachne (Spider:2)
  A pearl dragon (Zig:7)
  2 Tzitzimimeh
  A deep elf blademaster (Elf:3)
  5 Orb Guardians
  6 quicksilver dragons
  6 liches
  11 tentacled monstrosities
  6 titans
  A walking frostbound tome (Depths:2)
  3 sphinxes
  An ancient champion (Vaults:2)
  Frances (D:12)
  A tentacled starspawn (Abyss:2)
  2 death cobs
  9 storm dragons
  13 tengu reavers
  7 shadow dragons
  Aizul (Elf:3)
  A draconian monk (Zot:4)
  A demonspawn warmonger (D:6)
  12 fire giants
  25 vault wardens
  Louise (Shoals:1)
  5 ghost moths
  4 emperor scorpions
  2 iron dragons (Vaults:5)
  11 frost giants
  2 draconian knights (Zot:3)
  6 deep elf sorcerers
  2 angels
  3 deep elf elementalists (Elf:3)
  2 cacodemons
  4 orc warlords
  5 draconian scorchers
  3 draconian shifters
  2 draconian annihilators
  A draconian stormcaller (Zot:4)
  21 stone giants
  21 ironbound preservers
  4 formless jellyfish
  6 broodmothers
  A reaper (D:12)
  26 very ugly things
  9 ironbound thunderhulks
  4 green draconians (Zot:4)
  7 deep elf demonologists
  4 vampire knights
  A demonspawn black sun (D:6)
  7 black draconians
  11 deep elf annihilators
  2 lorocyprocas
  7 yellow draconians
  7 dire elephants
  8 spark wasps
  2 bunyips (Zig:2)
  6 purple draconians
  6 red draconians
  3 white draconians
  4 eidola
  7 ettins
  2 crystal guardians (Vaults:3)
  A merfolk javelineer (Shoals:2)
  8 deep elf death magi
  11 deep elf high priests
  6 fire dragons
  A shambling mangrove (Abyss:3)
  Josephine (Lair:5)
  11 merfolk impalers
  9 entropy weavers
  3 rakshasas (Depths:1)
  9 great orbs of eyes
  A quicksilver dragon skeleton (Vaults:4)
  38 vault guards
  An ice dragon (shapeshifter) (Vaults:5)
  7 spriggan air magi
  14 yaktaur captains
  Harold (Orc:1)
  2 peacekeepers
  7 hydras
  A ghost crab (Abyss:3)
  4 ogre magi
  Erolcha (D:13)
  9 ironbound frosthearts
  2 jorogumos
  2 catoblepae
  16 centaur warriors
  6 merfolk avatars
  A sphinx zombie (Depths:2)
  5 ice dragons
  7 boulder beetles
  7 death yaks
  4 radroaches
  2 satyrs (Shoals:3)
  4 deep troll earth magi (Depths:3)
  21 dancing weapons
  2 deep troll shamans
  A sphinx skeleton (D:15)
  2 alligator snapping turtles (Shoals:2)
  A two-headed ogre (shapeshifter) (Depths:3)
  4 tengu warriors
  10 demonic crawlers
  5 thrashing horrors
  15 two-headed ogres
  2 vampire magi
  3 occultists
  Urug (D:12)
  3 spriggan berserkers (Depths:2)
  A storm dragon zombie (D:15)
  An orc high priest (Vaults:4)
  4 wretched stars
  A soul eater (D:11)
  A titan skeleton (Vaults:4)
  A fire crab (Abyss:3)
  Nergalle (D:11)
  9 deep elf knights
  10 pharaoh ants
  Sonja (Lair:5)
  A sun demon (D:11)
  3 iron trolls
  5 skysharks
  2 skeletal warriors (D:15)
  4 glowing orange brains
  39 deep trolls
  A golden dragon zombie (Depths:2)
  2 sixfirhies (D:11)
  10 sea snakes
  A bunyip zombie (Abyss:2)
  3 sun moths
  A storm dragon skeleton (D:15)
  A swamp dragon (shapeshifter) (Vaults:5)
  An orange crystal statue (Lair:2)
  5 flayed ghosts
  7 orb spiders
  7 deep elf archers
  A shadow dragon zombie (Depths:2)
  7 steelbarb worms
  9 lindwurms
  10 orc knights
  A kraken simulacrum (Shoals:4)
  8 phantasmal warriors
  20 harpies
  24 deep elf zephyrmancers
  4 necromancers
  43 ugly things
  Pikel (D:5)
  3 cyclopes
  A human zombie (Vaults:4)
  6 arcanists
  3 orc sorcerers
  17 ironbound convokers
  10 manticores
  2 worldbinders
  Maurice (D:8)
  A tengu skeleton (Vaults:4)
  27 deep elf pyromancers
  23 wolf spiders
  5 fauns (Shoals:1)
  2 salamanders (shapeshifter) (Vaults:5)
  17 moths of wrath
  A mana viper (shapeshifter) (Vaults:5)
  21 vault sentinels
  8 black mambas
  26 elephants
  A guardian serpent (Abyss:2)
  6 merfolk sirens
  An orange demon (D:11)
  3 water nymphs
  9 torpor snails
  7 smoke demons
  A stone giant skeleton (Abyss:3)
  5 apocalypse crabs
  A naga skeleton (Abyss:3)
  11 cane toads
  3 kobold demonologists
  2 rime drakes
  56 yaktaurs
  2 unseen horrors (D:11)
  3 freezing wraiths
  6 komodo dragons
  A yaktaur zombie (Vaults:4)
  13 large abominations
  A komodo dragon (shapeshifter) (Elf:1)
  An efreet (D:14)
  3 tengu conjurers
  2 tormentors
  29 merfolk
  3 harpy zombies
  9 polar bears
  4 trolls
  10 meliai
  A wind drake (shapeshifter) (Vaults:5)
  2 ancient zymes (Abyss:2)
  A wind drake (Shoals:1)
  2 hellwings
  34 tarantellas
  Grinder (D:3)
  30 blink frogs
  A glass eye (shapeshifter) (Vaults:5)
  3 hornets
  4 raiju
  A raiju (shapeshifter) (Vaults:5)
  45 slime creatures
  8 snapping turtles
  A tarantella (shapeshifter) (Vaults:4)
  9 dream sheep
  A fire giant simulacrum (Depths:2)
  20 culicivoras
  A culicivora (shapeshifter) (D:14)
  Sigmund (D:2)
  A centaur simulacrum (D:14)
  3 spriggans
  5 flying skulls (Abyss:2)
  23 jumping spiders
  4 wyverns
  4 ynoxinuls
  A spriggan (shapeshifter) (Lair:5)
  9 water elementals
  10 wraiths
  An air elemental (Abyss:2)
  38 yaks
  5 fire elementals
  2 vampires
  3 neqoxecs
  5 starcursed masses
  80 redbacks
  13 vampire mosquitoes
  3 chaos spawn
  4 basilisks
  15 small abominations
  Menkaure (D:5)
  6 wargs
  12 water moccasins
  An acid dragon (D:13)
  A naga zombie (Abyss:2)
  A glowing shapeshifter skeleton (Depths:2)
  2 sky beasts (D:7)
  22 orc warriors
  A black bear (shapeshifter) (Vaults:5)
  2 black bears
  A sky beast (shapeshifter) (Vaults:5)
  An ice beast (D:7)
  2 manticore zombies (Shoals:2)
  3 elephant zombies (Lair:3)
  23 ogres
  9 centaurs
  5 boggarts
  A lemure (D:5)
  2 phantoms
  4 kobold brigands
  Blork the orc (D:3)
  2 komodo dragon zombies (Lair:3)
  16 bullfrogs
  A gnoll sergeant (D:7)
  2 two-headed ogre simulacra (D:11)
  2 earth elementals (Elf:1)
  4 scorpions
  5 wights (D:6)
  17 killer bees
  12 electric eels
  A howler monkey (D:10)
  2 quasits (Abyss:2)
  3 jellies (Lair:4)
  12 orc priests
  3 hounds
  A sleepcap (D:6)
  Terence (D:2)
  2 iguanas
  17 orc wizards
  Robin (D:2)
  4 gnolls
  7 adders
  A naga simulacrum (D:11)
  A shadow imp (D:7)
  A white imp (Abyss:2)
  9 ufetubi
  2 worms (D:2)
  4 dart slugs
  81 orcs
  10 ball pythons
  13 endoplasms
  3 giant cockroaches
  14 goblins
  10 hobgoblins
  20 kobolds
  3 quokkas
  8 bats
  2 frilled lizards (D:3)
  A rat (D:3)
  A butterfly (Lair:2)
  A starspawn tentacle (Abyss:2)
  4 tentacles
2058 creatures vanquished.

Vanquished Creatures (collateral kills)
  A dread lich (Zot:5)
  2 orbs of fire (Zot:5)
  2 Killer Klowns (Zot:5)
  An electric golem (Zot:5)
  8 Orb Guardians (Zot:5)
  A storm dragon (Zot:5)
  A draconian monk (Zot:5)
  A ghost moth (Zot:5)
  A yellow draconian (Zot:5)
  2 white draconians (Zot:5)
20 creatures vanquished.

Vanquished Creatures (others)
  An ancient lich (Zot:5)
  A dread lich (Zot:5)
  2 Killer Klowns (Zot:5)
  3 tentacled monstrosities
  12 Orb Guardians (Zot:5)
  A kraken (Abyss:3)
  2 draconian scorchers (Zot:5)
  2 draconian annihilators (Zot:5)
  A green draconian (Zot:5)
  2 black draconians (Zot:5)
  4 yellow draconians (Zot:5)
  A red draconian (Zot:5)
  3 white draconians (Zot:5)
  A deep elf knight (Elf:1)
  A deep elf zephyrmancer (Elf:1)
  A moth of wrath (Spider:2)
  An ufetubus (Abyss:2)
  A lurking horror (Abyss:2)
  A starspawn tentacle (Abyss:2)
  7 tentacles
48 creatures vanquished.

Grand Total: 2126 creatures vanquished

Notes
Turn   | Place    | Note
-------+----------+-------------------------------------------
     0 | D:1      | DevouringOne the Merfolk Fighter began the quest for the
                  | Orb.
     0 | D:1      | Reached XP level 1. HP: 18/18 MP: 1/1
   178 | D:1      | Reached XP level 2. HP: 24/24 MP: 2/2
   727 | D:2      | Reached XP level 3. HP: 30/30 MP: 3/3
   733 | D:2      | Noticed Robin
   743 | D:2      | Killed Robin
   989 | D:2      | Noticed Terence
  1013 | D:2      | Killed Terence
  1014 | D:2      | Reached skill level 5 in Polearms
  1014 | D:2      | Reached XP level 4. HP: 13/37 MP: 4/4
  1137 | D:2      | Noticed Sigmund
  1385 | D:3      | Noticed Grinder
  1401 | D:3      | Paralysed by Grinder for 5 turns
  1408 | D:3      | Killed Grinder
  1409 | D:3      | Reached skill level 5 in Fighting
  1409 | D:3      | Reached XP level 5. HP: 29/44 MP: 5/5
  1409 | D:3      | Reached XP level 6. HP: 34/51 MP: 6/6
  1596 | D:2      | Found Nawka's Armour Emporium.
  2006 | D:3      | Found an opulent altar of Gozag.
  2046 | D:3      | Became a worshipper of Gozag Ym Sagoz the Greedy
  2137 | D:4      | Noticed Blork the orc
  2146 | D:3      | Killed Blork the orc
  2251 | D:4      | Found a staircase to the Ecumenical Temple.
  2344 | D:2      | Killed Sigmund
  2345 | D:2      | Reached XP level 7. HP: 46/57 MP: 7/7
  2353 | D:2      | Bought a +0 ring mail of poison resistance for 112 gold
                  | pieces
  3157 | D:5      | Entered Level 5 of the Dungeon
  3251 | D:5      | Noticed Menkaure
  3266 | D:5      | Killed Menkaure
  3267 | D:5      | Reached skill level 10 in Polearms
  3267 | D:5      | Reached XP level 8. HP: 65/65 MP: 8/8
  3546 | D:5      | Found a runed translucent door.
  3547 | D:5      | Noticed Crazy Yiuf
  3799 | D:5      | Found an ancient bone altar of Kikubaaqudgha.
  3845 | D:5      | Noticed Pikel
  3888 | D:5      | Killed Pikel
  4313 | D:6      | Reached skill level 1 in Shapeshifting
  4333 | D:6      | Reached XP level 9. HP: 64/72 MP: 9/9
  4397 | D:6      | Reached skill level 5 in Shapeshifting
  4782 | D:6      | Identified the ring "Sick" {rF+ rC+ rN+}
  4803 | D:6      | Identified the +7 short sword of Zin's Scorn {flame, rC+
                  | Will+}
  5131 | D:7      | Found Wexim's Distillery.
  5140 | D:7      | Bought a potion of haste for 120 gold pieces
  5140 | D:7      | Bought a potion of curing for 36 gold pieces
  5140 | D:7      | Bought 2 potions of mutation for 192 gold pieces
  5140 | D:7      | Bought a potion of haste for 120 gold pieces
  5155 | D:7      | Found a sparkling altar of Nemelex Xobeh.
  5175 | D:7      | Found a blossoming altar of Fedhas.
  5177 | D:7      | Found a basalt altar of Yredelemnul.
  5179 | D:7      | Found a hide-covered altar of Uskayaw.
  5271 | D:7      | Found an iron altar of Okawaru.
  6540 | D:8      | Reached skill level 10 in Shapeshifting
  6575 | D:8      | Reached XP level 10. HP: 31/79 MP: 10/10
  7134 | D:8      | Noticed Joseph
  7326 | D:9      | Noticed Maurice
  7396 | D:8      | Maurice stole a dragon-blood talisman
  7398 | D:8      | Maurice stole 17 poisoned darts
  7418 | D:8      | Something stole 117 gold
  7419 | D:8      | Something stole 111 gold
  7420 | D:8      | Something stole 421 gold
  7447 | D:8      | Killed Maurice
  7874 | D:9      | Reached skill level 1 in Unarmed Combat
  8020 | D:9      | Found a staircase to the Lair.
  8850 | D:9      | Found Houraan's Tremendous Tomes.
  9088 | D:9      | Noticed a two-headed ogre
  9091 | D:9      | Killed a two-headed ogre
  9150 | D:9      | Noticed a kobold demonologist
  9150 | D:9      | Noticed a kobold demonologist
  9159 | D:9      | Killed a kobold demonologist
  9178 | D:9      | Noticed an orange demon
  9184 | D:9      | Killed a kobold demonologist
  9185 | D:9      | Reached skill level 5 in Unarmed Combat
  9219 | D:9      | Found a staircase to the Orcish Mines.
  9269 | D:9      | Reached XP level 11. HP: 84/84 MP: 11/11
  9350 | D:9      | Found a glowing golden altar of the Shining One.
  9422 | D:10     | Entered Level 10 of the Dungeon
  9425 | D:10     | Bought a potion of haste for 160 gold pieces
  9425 | D:10     | Bought a potion of cancellation for 128 gold pieces
  9425 | D:10     | Bought 2 potions of curing for 96 gold pieces
  9425 | D:10     | Bought a potion of might for 64 gold pieces
  9425 | D:10     | Bought a potion of curing for 48 gold pieces
  9425 | D:10     | Bought a potion of cancellation for 128 gold pieces
  9636 | D:10     | Got the Omnibus of Damaging Accomplices
  9749 | D:10     | Found a burning altar of Makhleb.
 10472 | D:11     | Noticed a catoblepas
 10472 | D:11     | Noticed a manticore
 10480 | D:11     | Killed a catoblepas
 10491 | D:11     | Killed a manticore
 10772 | D:11     | Noticed Nergalle
 11234 | D:11     | Killed Nergalle
 11498 | D:11     | Reached skill level 15 in Shapeshifting
 11781 | D:12     | Noticed a manticore
 11787 | D:12     | Killed a manticore
 11860 | D:12     | Noticed a two-headed ogre
 11865 | D:12     | Killed a two-headed ogre
 11866 | D:12     | Reached skill level 10 in Fighting
 11964 | D:12     | Noticed a two-headed ogre
 11972 | D:12     | Killed a two-headed ogre
 11973 | D:12     | Reached XP level 12. HP: 97/97 MP: 12/12
 12060 | D:12     | Noticed Frances
 12375 | Lair:1   | Entered Level 1 of the Lair of Beasts
 12437 | Orc:1    | Entered Level 1 of the Orcish Mines
 12463 | Orc:1    | Found Gaasucw's Assorted Antiques.
 12463 | Orc:1    | Noticed an orc warlord
 12530 | Orc:1    | Killed an orc warlord
 12873 | Orc:1    | Bought a potion of haste for 300 gold pieces
 12925 | Orc:2    | Entered Level 2 of the Orcish Mines
 12980 | Orc:2    | Found a staircase to the Elven Halls.
 13236 | Orc:2    | Noticed a two-headed ogre
 13248 | Orc:2    | Killed a two-headed ogre
 13475 | Orc:1    | Noticed Harold
 13485 | Orc:1    | Killed Harold
 14184 | Orc:2    | Noticed an ogre mage
 14184 | Orc:2    | Noticed an ogre mage
 14184 | Orc:2    | Noticed an ogre mage
 14184 | Orc:2    | Noticed a two-headed ogre
 14218 | Orc:2    | Killed an ogre mage
 14223 | Orc:2    | Paralysed by an ogre mage for 4 turns
 14228 | Orc:2    | Killed an ogre mage
 14261 | Orc:2    | Killed a two-headed ogre
 14461 | Orc:2    | Noticed a two-headed ogre
 14467 | Orc:2    | Killed a two-headed ogre
 14520 | Orc:2    | Noticed a two-headed ogre
 14522 | Orc:2    | Reached XP level 13. HP: 109/109 MP: 13/13
 14650 | Orc:2    | Paralysed by an ogre mage for 5 turns
 14663 | Orc:1    | Paralysed by an ogre mage for 3 turns
 15255 | Orc:2    | Found Bagrugoh's General Store.
 15257 | Orc:2    | Found Uchir's Jewellery Boutique.
 15257 | Orc:2    | Found Jevy's Antique Weapon Emporium.
 15257 | Orc:2    | Found Ijefel Wyfi's Antique Weapon Shop.
 15375 | Orc:2    | Bought a scroll of acquirement for 884 gold pieces
 15406 | Orc:2    | Acquired 391 gold pieces
 15408 | Orc:2    | Bought a ring of protection from cold for 250 gold pieces
 15598 | Lair:1   | Bought a scroll of butterflies for 72 gold pieces
 15598 | Lair:1   | Bought a scroll of butterflies for 72 gold pieces
 15598 | Lair:1   | Bought a scroll of blinking for 135 gold pieces
 15598 | Lair:1   | Bought a scroll of immolation for 72 gold pieces
 16512 | Lair:2   | Found a hole to the Spider Nest.
 17016 | Lair:2   | Identified the +5 mace "Lukaox" {venom, +Blink rElec Int+2}
 17201 | Lair:2   | Reached skill level 15 in Fighting
 17201 | Lair:2   | Reached XP level 14. HP: 57/123 MP: 14/14
 19183 | Lair:3   | Found a staircase to the Shoals.
 19262 | Lair:3   | Acquired 1131 gold pieces
 19268 | Lair:3   | Bought a scroll of immolation for 100 gold pieces
 19268 | Lair:3   | Bought a scroll of fog for 100 gold pieces
 19268 | Lair:3   | Bought a potion of curing for 75 gold pieces
 19268 | Lair:3   | Bought a scroll of fog for 100 gold pieces
 19863 | Lair:4   | Found a viscous altar of Jiyva.
 19863 | Lair:4   | Found a staircase to the Slime Pits.
 19974 | Lair:4   | Identified the +9 quarterstaff of Xunul {elec, Str+5 Dex-4}
 20160 | Lair:4   | Reached XP level 15. HP: 134/134 MP: 15/15
 20690 | Lair:5   | Entered Level 5 of the Lair of Beasts
 20714 | Lair:5   | Noticed Sonja
 20724 | Lair:5   | Killed Sonja
 20730 | Lair:5   | HP: 9/192 [ten-headed hydra (8)]
 21138 | Lair:5   | Noticed Josephine
 21144 | Lair:5   | Killed Josephine
 22636 | Lair:5   | Reached skill level 1 in Dodging
 22973 | Lair:5   | Found a corrupted altar of Lugonu.
 22973 | Lair:5   | Found a one-way gate to the infinite horrors of the Abyss.
 23150 | Shoals:1 | Entered Level 1 of the Shoals
 23307 | Shoals:1 | Found a transporter.
 23331 | Shoals:1 | Noticed Olamiup's ghost (adept FoMo)
 23332 | Shoals:1 | Found a transporter.
 23391 | Shoals:1 | Reached skill level 5 in Dodging
 23555 | Lair:5   | Bought the amulet of Lockatt {rN+ Regen+ Str+2 Dex+2} for
                  | 694 gold pieces
 23897 | D:12     | Killed Frances
 23951 | D:12     | Noticed Urug
 23987 | D:12     | Killed Urug
 23988 | D:12     | Reached XP level 16. HP: 143/143 MP: 16/16
 24560 | D:13     | Noticed Erolcha
 24565 | Abyss:2  | Cast into level 2 of the Abyss (Erolcha)
 24595 | Abyss:2  | Found a corrupted altar of Lugonu.
 24598 | Abyss:2  | Found a corrupted altar of Lugonu.
 24598 | Abyss:2  | Found a corrupted altar of Lugonu.
 24688 | Abyss:2  | Noticed a profane servitor
 24705 | Abyss:2  | Killed a profane servitor
 24982 | Abyss:2  | Reached skill level 10 in Unarmed Combat
 25228 | Abyss:2  | Noticed a tentacled starspawn
 25237 | Abyss:2  | Killed a tentacled starspawn
 25286 | Abyss:2  | Reached skill level 10 in Dodging
 25304 | D:13     | Escaped the Abyss
 25307 | D:13     | Killed Erolcha
 25396 | D:13     | Found a gate to the Vaults.
 26438 | D:14     | Found a runed translucent door.
 26438 | D:14     | Noticed Wyaw's ghost (journeyman AtNe)
 27160 | D:15     | Entered Level 15 of the Dungeon
 27187 | D:15     | Reached XP level 17. HP: 150/150 MP: 17/17
 27315 | D:15     | Found a staircase to the Depths.
 27527 | D:15     | Found a sparkling altar of Nemelex Xobeh.
 28292 | Shoals:1 | Noticed Louise
 28300 | Shoals:1 | Killed Louise
 28893 | Shoals:2 | Identified the +1 ring mail "Vicryfylu" {rF+ rC+}
 29931 | Shoals:3 | Found a runed translucent door.
 30381 | Shoals:3 | Found a corrupted altar of Lugonu.
 30442 | Shoals:4 | Entered Level 4 of the Shoals
 30753 | Shoals:4 | Found Bexargh's General Store.
 30765 | Shoals:4 | Bought a potion of haste for 130 gold pieces
 30843 | Shoals:4 | Reached XP level 18. HP: 99/157 MP: 18/18
 30994 | Shoals:4 | Got a barnacled rune of Zot
 31152 | Spider:1 | Entered Level 1 of the Spider Nest
 33039 | Spider:3 | Noticed Arachne
 33056 | Spider:2 | Killed Arachne
 33468 | Spider:3 | Reached skill level 15 in Unarmed Combat
 33961 | Spider:4 | Entered Level 4 of the Spider Nest
 34252 | Spider:4 | Reached XP level 19. HP: 98/167 MP: 19/19
 34684 | Spider:4 | Acquired a manual of Unarmed Combat
 35067 | Spider:4 | Identified the +0 hat of Okawaru's Wrath {rElec Dex-5
                  | Slay+3 Stlth+}
 35088 | Spider:4 | Got a gossamer rune of Zot
 35607 | Elf:1    | Entered Level 1 of the Elven Halls
 36184 | Elf:1    | Identified the +1 long sword of Disorder {antimagic, Str-5
                  | Int+3 Stlth+}
 36622 | Elf:2    | Found a runed translucent door.
 36688 | Elf:2    | Identified the +8 flail "Ankobud" {freeze, rPois Int+5}
 36877 | Elf:2    | Found a runed translucent gate.
 36878 | Elf:2    | Found a runed translucent gate.
 36878 | Elf:2    | Found a runed translucent gate.
 36907 | Elf:2    | Noticed Soggutosm's ghost (adept HOFi)
 36999 | Elf:2    | Found Vutupso's Antique Armour Emporium.
 37175 | Elf:3    | Entered Level 3 of the Elven Halls
 37202 | Elf:3    | Found Qeklel's Distillery.
 37210 | Elf:3    | Bought a potion of heal wounds for 70 gold pieces
 37210 | Elf:3    | Bought a potion of curing for 42 gold pieces
 37227 | Elf:3    | Reached XP level 20. HP: 178/178 MP: 20/20
 37261 | Elf:3    | Identified the serpent talisman "Vyddiam" {rF+}
 37261 | Elf:3    | Noticed Aizul
 37265 | Elf:3    | Killed Aizul
 37397 | Elf:3    | Found Liprot's Antique Armour Boutique.
 37398 | Elf:3    | Found Ydwogala's Magic Scroll Shoppe.
 37409 | Elf:3    | Bought a scroll of fear for 72 gold pieces
 37409 | Elf:3    | Bought a scroll of fear for 72 gold pieces
 37501 | Abyss:3  | Cast into level 3 of the Abyss (a deep elf sorcerer)
 37567 | Abyss:3  | Got an abyssal rune of Zot
 37778 | Elf:3    | Escaped the Abyss
 38059 | Elf:3    | Identified the +1 eveningstar of Purpose {venom, Str+4}
 38119 | Elf:3    | Identified the +6 rapier of Tadi {flame, rC+ Dex+2}
 38196 | Elf:3    | Found the +5 glaive of the Guard {elec, spectral}
 38206 | Elf:3    | Identified the amulet of Damuwniquu {Reflect rC+ Str-5 SH+5
                  | SInv}
 38211 | Elf:3    | Identified the ring of Loviw {rPois rCorr Int+5}
 38214 | Elf:3    | Identified the staff "Womeitih" {Contam rN+ Int+5 Necro}
 38231 | Elf:3    | Identified the +10 short sword of Recklessness {speed,
                  | *Noise Will+ Int+3}
 38451 | Elf:3    | Got Sif Muna's Directory of the Akabeko
 38784 | Vaults:1 | Entered Level 1 of the Vaults
 38873 | Vaults:1 | Bought a scroll of fear for 52 gold pieces
 38873 | Vaults:1 | Bought a scroll of revelation for 97 gold pieces
 39448 | Vaults:1 | Reached XP level 21. HP: 187/187 MP: 21/21
 40292 | Vaults:2 | Reached skill level 15 in Dodging
 40630 | Vaults:2 | Identified the +5 dire flail of Gallantry {antimagic, rN+
                  | Str+4}
 41245 | Vaults:2 | Found a staircase to the Crypt.
 41322 | Vaults:2 | Identified the ring of Modesty {rF+ Will+ Slay+3}
 41780 | Vaults:2 | Noticed Jory
 41787 | Vaults:2 | Killed Jory
 42088 | Vaults:3 | Noticed Boris
 42102 | Vaults:3 | Killed Boris
 42107 | Vaults:3 | Noticed Frederick
 42193 | Vaults:3 | Killed Frederick
 42519 | Vaults:3 | Found a magical portal.
 42542 | Vaults:3 | Reached XP level 22. HP: 195/195 MP: 22/22
 42613 | Vaults:3 | Bought a potion of heal wounds for 200 gold pieces
 43096 | Vaults:3 | Paralysed by a formless jellyfish for 1 turns
 43163 | Vaults:3 | Paralysed by a formless jellyfish for 1 turns
 43168 | Vaults:3 | Paralysed by a formless jellyfish for 1 turns
 43684 | Vaults:4 | Found Kithyis's Armour Shop.
 44695 | Vaults:4 | Found Useliz's Assorted Antiques.
 44720 | Vaults:4 | Bought a scroll of blinking for 352 gold pieces
 44720 | Vaults:4 | Bought a sparkling bronze ring for 235 gold pieces
 44720 | Vaults:4 | Identified the ring "Roodurr" {rC+ rCorr Dex+3 SInv Stlth-}
                  | (You bought it in a shop on level 4 of the Vaults)
 44720 | Vaults:4 | Bought a potion of might for 188 gold pieces
 45227 | Vaults:5 | Entered Level 5 of the Vaults
 45227 | Vaults:5 | Noticed Boris
 45241 | Vaults:5 | Noticed a golden dragon
 45247 | Vaults:5 | Identified the ring "Aruifaco" {Dex+4 SInv}
 45278 | Vaults:5 | Killed a golden dragon
 45308 | Vaults:5 | Killed Boris
 45314 | Vaults:5 | Noticed a golden dragon
 45315 | Vaults:5 | a golden dragon changed into an acid blob
 45550 | Vaults:5 | Reached XP level 23. HP: 202/202 MP: 23/23
 45692 | Vaults:5 | a fenstrider witch changed into a caustic shrike
 45692 | Vaults:5 | Noticed a caustic shrike (glowing shapeshifter)
 45696 | Vaults:5 | a caustic shrike changed into an iron giant
 45700 | Vaults:5 | Identified the ring "Qawacw" {rN+ Str+4 Dex+6}
 45922 | Vaults:5 | Noticed a dread lich
 45926 | Vaults:5 | Killed a dread lich
 45934 | Vaults:5 | Noticed an ancient lich
 45943 | Vaults:5 | Killed an ancient lich
 46065 | Vaults:5 | Identified the +9 quarterstaff of Dim Light {freeze, Fly
                  | rF+ Str+3 Stlth+}
 46209 | Vaults:5 | Identified the staff of Jujar {Contam +Blink rC+ MP+9 Dex+4
                  | Ice}
 46254 | Vaults:5 | Reached skill level 27 in Dodging
 46328 | Vaults:5 | Identified the orb of Daisies {*Rage, rCorr}
 46476 | Vaults:5 | Got Dikkug's Information on Prime Toxins
 46508 | Vaults:5 | Got the Dissertation on Transforming Execration
 47065 | Vaults:5 | Got a silver rune of Zot
 47086 | Vaults:5 | Got the Essays on Hapless Incineration
 47521 | Depths:1 | Entered Level 1 of the Depths
 47524 | Depths:1 | Bought a granite talisman for 1140 gold pieces
 47625 | Vaults:1 | Bought a polished buckler for 475 gold pieces
 47625 | Vaults:1 | Identified the +0 buckler of Repulsion {rPois Dex+3 SInv
                  | Stlth+} (You bought it in a shop on level 1 of the Vaults)
 47944 | Depths:1 | Reached XP level 24. HP: 212/212 MP: 23/23
 48085 | Depths:1 | Found a gateway to Hell.
 48811 | Depths:2 | Found a one-way gate leading to the halls of Pandemonium.
 49091 | Depths:2 | Noticed a caustic shrike
 49091 | Depths:2 | Noticed a caustic shrike
 49091 | Depths:2 | Noticed a caustic shrike
 49093 | Depths:2 | Killed a caustic shrike
 49093 | Depths:2 | Noticed a caustic shrike
 49093 | Depths:2 | Noticed a caustic shrike
 49095 | Depths:2 | Killed a caustic shrike
 49104 | Depths:2 | Killed a caustic shrike
 49112 | Depths:2 | Killed a caustic shrike
 49116 | Depths:2 | Killed a caustic shrike
 49634 | Depths:2 | Noticed a caustic shrike
 49638 | Depths:2 | Killed a caustic shrike
 49639 | Depths:2 | Noticed a caustic shrike
 49639 | Depths:2 | Noticed a caustic shrike
 49642 | Depths:2 | Killed a caustic shrike
 49647 | Depths:2 | Killed a caustic shrike
 49952 | Depths:3 | Reached XP level 25. HP: 223/223 MP: 23/23
 50070 | Depths:3 | Found a one-way gateway to a ziggurat.
 50132 | Zig:1    | Entered Level 1 of a ziggurat
 50146 | Zig:1    | Identified the +6 plate armour "Nydem" {+Blink Regen+
                  | Str-5}
 50151 | Zig:2    | Entered Level 2 of a ziggurat
 50166 | Zig:2    | Identified the ring of the Endless Expanse {Will+ MP+9
                  | Dex+2}
 50171 | Zig:3    | Entered Level 3 of a ziggurat
 50220 | Zig:4    | Entered Level 4 of a ziggurat
 50279 | Zig:4    | Reached skill level 5 in Shields
 50279 | Zig:4    | Reached XP level 26. HP: 233/233 MP: 23/23
 50280 | Zig:4    | Identified the +0 war axe "Ruluclui" {elec, rPois rC- rN+
                  | Stlth+}
 50286 | Zig:5    | Entered Level 5 of a ziggurat
 50433 | Zig:6    | Entered Level 6 of a ziggurat
 50560 | Zig:7    | Entered Level 7 of a ziggurat
 50564 | Zig:7    | Gained mutation: You possess an exceptional clarity of
                  | mind. [a cacodemon]
 50570 | Zig:7    | Gained mutation: You occasionally shout uncontrollably at
                  | your foes. [a cacodemon]
 50571 | Zig:7    | Gained mutation: You are weak. (Str -2) [a neqoxec]
 50584 | Zig:7    | Gained mutation: You are vulnerable to cold. (rC-) [a
                  | neqoxec]
 50615 | Zig:7    | Lost mutation: You are weak. (Str -2) [potion of mutation]
 50615 | Zig:7    | Lost mutation: You are vulnerable to cold. (rC-) [potion of
                  | mutation]
 50615 | Zig:7    | Lost mutation: You occasionally shout uncontrollably at
                  | your foes. [potion of mutation]
 50615 | Zig:7    | Gained mutation: You are partially covered in iridescent
                  | scales. (AC +2) [potion of mutation]
 50615 | Zig:7    | Gained mutation: You are clumsy. (Dex -2) [potion of
                  | mutation]
 50632 | Zig:7    | Got the Information on Tainted Reconstruction
 50911 | Depths:4 | Entered Level 4 of the Depths
 51022 | Depths:4 | Found a gate to the Realm of Zot.
 51112 | Zot:1    | Entered Level 1 of the Realm of Zot
 51985 | Zot:4    | Reached XP level 27. HP: 230/244 MP: 4/23
 51989 | Zot:4    | Reached skill level 27 in Unarmed Combat
 52111 | Zot:5    | Entered Level 5 of the Realm of Zot
 52348 | Zot:5    | Noticed a dread lich
 52375 | Zot:5    | Noticed an orb of fire
 52552 | Zot:5    | Got the Orb of Zot
 52553 | Zot:5    | Noticed an orb of fire
 52562 | Zot:5    | Killed an orb of fire
 52563 | Zot:5    | Reached skill level 27 in Fighting
 52567 | Zot:5    | Killed an orb of fire
 52575 | Zot:5    | Noticed an orb of fire
 52593 | Zot:5    | Killed an ancient lich
 52595 | Zot:5    | Noticed Taofrur the pandemonium lord
 52595 | Zot:5    | Noticed an ancient lich
 52603 | Zot:5    | Killed a dread lich
 52683 | Zot:3    | Noticed Lobbeod the pandemonium lord
 52747 | Depths:4 | Noticed Extuv the pandemonium lord
 53215 | D:$      | Escaped with the Orb!

Illustrated notes

Levels and vault maps discovered:
D:1:      tarquinn_simple_flora_water_d, layout_basic, minmay_misc_feat_five,
          chequers_serial_rivers_marsh, dk_noncrumbling_3
D:2:      layout_basic, serial_shops, shop, corexii_hall_statues_u,
          solitary_fountain, minmay_pentomino_pile, uniq_terence, uniq_robin,
          uniq_sigmund
D:3:      layout_loops_ring, mainiacjoe_overflow_tiny_flanked,
          grunt_decor_mini_mirrors, uniq_grinder
D:4:      layout_rooms, minmay_temple_entry_glassed_door,
          kennysheep_opposing_triangles, uniq_blork_the_orc
D:5:      layout_loops_ring, nicolae_overflow_crystal_walls, serial_aquarium,
          aquarium_bridge_square [aquarium_subvault_bridge,
          aquarium_subvault_window, aquarium_subvault_bridge,
          aquarium_subvault_wall], aquarium_window_fake, aquarium_window_1,
          aquarium_window_1, aquarium_window_2, aquarium_view_2b,
          aquarium_view_2d, aquarium_balcony_3b, uniq_pikel, uniq_menkaure,
          uniq_crazy_yiuf_cottage
D:6:      layout_basic, minmay_misc_feat_four_crosses
D:7:      layout_loops_ring, lemuel_tele_altar,
          nicolae_overflow_macrodata_refinement, serial_shops, shop
D:8:      layout_loops_corners, uniq_joseph
D:9:      layout_basic, kennysheep_mini_moat, erik_lair_orcish_takeover,
          david_orc_1_choice, nicolae_shop_i_like_big_books,
          palyth_stone_intersect, grunt_ministairs_5, serial_bayou_lagoon_a,
          fountainhead, uniq_maurice
D:10:     layout_loops_ring, lemuel_doored_altar
D:11:     nzn_motion_control, layout_rooms, portal_ice_cave_entry_ice_simulacra,
          uniq_nergalle
D:12:     layout_roguey, uniq_frances, uniq_urug
D:13:     layout_roguey, erik_vaults_2, kennysheep_pointless_box,
          hangedman_abyss_or_decor_jellyfish_corner, uniq_erolcha
D:14:     layout_loops_cross, reono_crystal_passage, gammafunk_ghost_grave,
          kennysheep_generic_room_14
D:15:     gammafunk_depths_entry_grave, layout_grid_maze,
          nemelex_spade_bored_becter
Lair:1:   layout_chaotic_city, serial_bayou_shore_a, infiniplex_staircase_pool_2
Lair:2:   statuecave_lemuel, layout_cave_pods, spider_nest_entry_web_field,
          minivault_27, grunt_megastairs_5, lemuel_fruit_fields,
          infiniplex_staircase_pool
Lair:3:   pond_and_an_island_with_a_cottage, layout_gridlike,
          mainiacjoe_shoals_entry_four_pools, grunt_megastairs_4
Lair:4:   layout_gridlike, nicolae_slime_entry_slimehenge, st_stairs_10,
          grunt_megastairs_1
Lair:5:   hellmonk_lair_end_abyssal_woods, layout_regular_city,
          cheibrodos_lair_lostbears, lemuel_fruit_tree, uniq_sonja,
          uniq_josephine
Shoals:1: layout_shoals, gammafunk_ghost_arena, uniq_louise
Shoals:2: layout_shoals, nicolae_shoals_undead_eyrie
Shoals:3: layout_shoals, nicolae_shoals_abyss_on_the_beach
Shoals:4: shoals_end_grunt_ice, layout_shoals, serial_shops, shop
Spider:1: layout_spider_delve
Spider:2: layout_spider_delve
Spider:3: layout_spider_delve, hangedman_spider_tarantella_strand, uniq_arachne
Spider:4: hellmonk_spider_rune_endless_swarm, guppyfry_spider_mini_1
Orc:1:    layout_caves, enter_volcano_4, serial_shops,
          nicolae_shop_window_shopping, abandoned_shop, minmay_orc_barracks,
          uniq_harold
Orc:2:    st_orc_ogre_mass, layout_diamond_mine, library_closet
Elf:1:    layout_rooms, hangedman_elf_disciples, minmay_misc_feat_rows
Elf:2:    nicolae_elf_blades_crystal_corner, layout_geoelf_diagonals,
          gammafunk_ghost_grave, serial_shops, nicolae_shop_hallway_plus
Elf:3:    minmay_elf_hall_spiked, layout_geoelf_octagon, serial_shops, shop,
          shop, nicolae_shop_tiny_real_fake_doors, uniq_aizul
Vaults:1: nicolae_vaults_halls_meeting, nicolae_vaults_twisting_passages,
          ontoclasm_vaults_hangar, hangedman_vaults_corner,
          vaults_mumra_minichess, vaults_room_fancy_cross,
          nicolae_vaults_closet_pinwheel_5, nicolae_vaults_ninety_degrees,
          ontoclasm_vaults_ligature, layout_vaults_maze
Vaults:2: nicolae_vaults_network_s, nicolae_vaults_turnstiles,
          nicolae_vaults_network_star, vaults_room_grid, v_alt_pattern_4,
          nicolae_vaults_network_square, ontoclasm_vaults_hangar,
          grunt_vaults_trifunnel, nicolae_vaults_border_crossing,
          ontoclasm_vaults_claustrophobia, minmay_crypt_entry_simple_box,
          nicolae_vaults_shipping_containers_5, layout_vaults_quadrants,
          uniq_jory
Vaults:3: infiniplex_enter_wizlab_water, nicolae_vaults_stepped_doors,
          nicolae_vaults_more_shelving_2, nicolae_vaults_network_quincunx
          [nicolae_vaults_network_quincunx_subvault,
          nicolae_vaults_network_quincunx_subvault,
          nicolae_vaults_network_quincunx_subvault,
          nicolae_vaults_network_quincunx_subvault,
          nicolae_vaults_network_quincunx_subvault],
          nicolae_vaults_little_squares_3, v_alt_pattern_6,
          nicolae_vaults_shipping_containers_1, ontoclasm_vaults_chip,
          nicolae_vaults_network_periphery, layout_vaults_omnibox,
          uniq_frederick, uniq_boris
Vaults:4: nicolae_vaults_tetromino_Z_2, nicolae_vaults_taking_the_gang_shopping,
          nicolae_vaults_arrows, nicolae_vaults_specimen_jars,
          vaults_dpeg_encased_lava, nicolae_vaults_tetromino_L_1, v_misc_1,
          minmay_orc_keep, nicolae_vaults_lightning_bolt, vaults_room_pools,
          nicolae_vaults_theta, nicolae_vaults_trapezoid_2,
          nicolae_vaults_stand_back, hangedman_vaults_slice,
          layout_vaults_big_cross, serial_shops, nicolae_shop_statue_plus
Vaults:5
Depths:1: layout_gridville, hell_entry, kennysheep_nondescript, st_stairs_6,
          nicolae_titane
Depths:2: grunt_runaround [grunt_runaround_doors_1, grunt_runaround_doors_2,
          grunt_runaround_doors_3, grunt_runaround_doors_4,
          grunt_runaround_loot], abyss_entry, hell_entry, pan_entry
Depths:3: hellmonk_ruined_rings, layout_basic, enter_ziggurat_f,
          pf_hell_entry_tar_spiral, nicolae_abyss_entry_one_way_or_another,
          nicolae_trove_entry_crystal, hellmonk_sif_muna_bookshelves,
          hangedman_eye_storm, infiniplex_staircase_door_maze
Depths:4: grunt_zot_entry_funnels, layout_gridville, hangedman_coc_ice_floe
Zot:1:    layout_onion, gammafunk_ghost_tricky_traps,
          regret_index_zotdec_barnacled_alternative
Zot:2:    kennysheep_blocky_room, layout_onion_interference, uniq_josephina
Zot:3:    layout_basic
Zot:4:    nicolae_moth_party, layout_concentric_octagons, st_stairs_10,
          grunt_megastairs_2
Zot:5:    layout_misc_corridors, st_stairs_2

Skill      XL: |  1  2  3  4  5  6  7  8  9 10 11 12 13 14 15 16 17 18 19 20 21 22 23 24 25 26 27 |
---------------+----------------------------------------------------------------------------------+-----
Polearms       | 3 4 5 7 8 10 11 | 11.5
Fighting       | 4 5 6 7 10 12 15 17 18 19 20 21 22 24 25 27 | 27.0
Shapeshifting  | 3 10 13 15 17 19 21 22 24 25 | 25.0
Unarmed Combat | 5 6 8 12 13 15 20 22 23 25 26 27 | 27.0
Dodging        | 6 12 13 19 24 27 | 27.0
Shields        | 5 9 |  9.7
Armour         | |  2.1

Action                     |  1- 3 |  4- 6 |  7- 9 | 10-12 | 13-15 | 16-18 | 19-21 | 22-24 | 25-27 || total
---------------------------+-------+-------+-------+-------+-------+-------+-------+-------+-------++-------
  Melee: Trident           |   136 |    94 |   448 |   102 |       |       |       |       |       ||   780
         Tailslap          |       |       |     2 |    48 |    92 |   138 |   117 |    98 |       ||   495
         Unarmed           |       |       |       |   349 |   576 |   914 |   763 |   947 |   542 ||  4091
         Bite              |       |       |       |    24 |    71 |   114 |    83 |    63 |       ||   355
         Punch             |       |       |       |    17 |    35 |    68 |    96 |    80 |       ||   296
  Throw: Dart              |       |       |    21 |       |       |       |       |       |       ||    21
 Invoke: Call Merchant     |       |       |       |     1 |     4 |       |     2 |     3 |       ||    10
         Potion Petition   |       |       |       |     1 |     1 |     5 |       |     1 |       ||     8
         Bribe Branch      |       |       |       |       |       |       |       |       |     2 ||     2
Ability: Breathe Fire      |       |       |       |    44 |    63 |    59 |    53 |    35 |       ||   254
  Evoke: Wand              |       |       |       |     7 |     2 |     3 |     2 |       |     7 ||    21
         Tin of tremorston |       |       |       |       |     2 |       |     3 |       |       ||     5
         Phial of floods   |       |       |       |       |     1 |     1 |       |       |       ||     2
         Phantom mirror    |       |       |       |       |       |     1 |       |       |       ||     1
    Use: Potion            |     1 |     3 |     1 |     7 |     2 |     6 |     2 |     5 |     3 ||    30
         Scroll            |       |     5 |    10 |    17 |    12 |    15 |     7 |     9 |     9 ||    84
   Stab: Distracted        |       |       |     2 |     4 |     4 |     5 |     8 |    13 |     6 ||    42
         Petrified         |       |       |       |     5 |       |       |       |       |       ||     5
         Sleeping          |       |       |       |       |       |     1 |     1 |     1 |       ||     3
 Armour: Scale mail        |    78 |    45 |       |       |       |       |       |       |       ||   123
         Ring mail         |       |       |   198 |    61 |       |       |       |       |       ||   259
         Skin              |       |       |       |   316 |   618 |   939 |   640 |   553 |   393 ||  3459
  Dodge: Dodged            |    47 |    40 |   136 |   191 |   256 |   539 |   371 |   640 |   754 ||  2974
  Block: Buckler           |    27 |    16 |    60 |    19 |       |       |       |   131 |   253 ||   506
   Form: Dragon            |       |       |       |     1 |       |       |       |       |       ||     1
         Statue            |       |       |       |       |       |       |       |     1 |       ||     1

Table legend: (Time is in decaauts)
 A = Elapsed time spent in this place.
 B = Non-inter-level travel time spent in this place.
 C = Inter-level travel time spent in this place.
 D = Time resting spent in this place.
 E = Time spent auto-exploring this place.
 F = Levels seen in this place.
 G = Mean time per level.
                   A        B        C        D        E       F      G
               +--------+--------+--------+--------+--------+-----+--------+
         Total |  54452 |  49324 |   5128 |   4874 |  33758 |  56 |  972.4 |
       Dungeon |  17061 |  14903 |   2158 |   1535 |  10544 |  15 | 1137.4 |
          Lair |   8006 |   7516 |    490 |    619 |   5823 |   5 | 1601.2 |
        Shoals |   3132 |   2387 |    745 |    408 |   1161 |   4 |  783.0 |
   Spider Nest |   4208 |   4015 |    193 |    473 |   2613 |   4 | 1052.0 |
  Orcish Mines |   3374 |   3169 |    205 |   1073 |   1577 |   2 | 1687.0 |
   Elven Halls |   2405 |   2135 |    270 |    212 |   1375 |   3 |  801.7 |
        Vaults |   8287 |   8033 |    254 |    329 |   6242 |   5 | 1657.4 |
        Depths |   4131 |   3891 |    240 |     45 |   2808 |   4 | 1032.8 |
           Zot |   2196 |   1627 |    569 |     83 |    964 |   5 |  439.2 |
         Abyss |    956 |    956 |      0 |     91 |    257 |   2 |  478.0 |
      Ziggurat |    692 |    692 |      0 |      3 |    391 |   7 |   98.9 |
               +--------+--------+--------+--------+--------+-----+--------+

Top non-repeatable levels by time:
  Lair:5: 2284 daAuts
     D:9: 2092 daAuts
   Orc:1: 2000 daAuts
  Lair:2: 1930 daAuts
Vaults:5: 1829 daAuts
Vaults:4: 1822 daAuts
Vaults:2: 1734 daAuts
     D:8: 1655 daAuts
  Lair:4: 1534 daAuts
Depths:2: 1518 daAuts
    D:11: 1468 daAuts
Vaults:3: 1459 daAuts
Vaults:1: 1441 daAuts
   Orc:2: 1374 daAuts
Depths:1: 1374 daAuts
